[Event "ESTCC 65 2019"]
[Site "Mali Losinj"]
[Date "2019.09.21"]
[Round "4.30"]
[White "Ahlstrom, Per"]
[Black "Karppinen, Martti"]
[Result "1/2-1/2"]
[ECO "B32"]
[WhiteElo "1838"]
[BlackElo "1925"]
[Annotator "NA"]
[PlyCount "67"]
[EventDate "2019.09.18"]
[EventType "team-tourn"]
[EventCountry "CRO"]
[SourceTitle "playchess.com"]
[Source "ChessBase"]
[SourceQuality "1"]
[WhiteTeam "Sweden"]
[BlackTeam "Finland"]
[WhiteTeamCountry "SWE"]
[BlackTeamCountry "FIN"]
[TimeControl "40/5400+30:1800+30"]

1. e4 c5 2. Nf3 Nc6 3. d4 cxd4 4. Nxd4 e5 5. Nb5 Bb4+ 6. c3 Be7 7. N1a3 Nf6 8. Nc4 O-O 9. Nbd6 Nxe4 10. Nxe4 d5 11. Ng3 dxc4 12. Qxd8 Rxd8 13. Bxc4 Na5 14. Be2 Be6 15. O-O Rac8 16. f4 exf4 17. Bxf4 Nc4 18. Bxc4 Rxc4 19. Rae1 Rc6 20. Ra1 Ra6 21. a3 Bc4 22. Rfd1 Rxd1+ 23. Rxd1 Be6 24. Ne4 h6 25. Bd6 Bxd6 26. Rxd6 Ra5 27. Rd8+ Kh7 28. Kf2 Rf5+ 29. Ke3 Rf1 30. Rd2 b6 31. Kd4 Rf4 32. Ke3 Rf5 33. Rf2 Re5 34. Kd4 1/2-1/2

[Event "ESTCC 65 2019"]
[Site "Mali Losinj"]
[Date "2019.09.21"]
[Round "4.31"]
[White "Patola, Eero"]
[Black "Dalling, Peter"]
[Result "1/2-1/2"]
[ECO "A21"]
[WhiteElo "1798"]
[BlackElo "1824"]
[Annotator "NA"]
[PlyCount "62"]
[EventDate "2019.09.18"]
[EventType "team-tourn"]
[EventCountry "CRO"]
[SourceTitle "playchess.com"]
[Source "ChessBase"]
[SourceQuality "1"]
[WhiteTeam "Finland"]
[BlackTeam "Sweden"]
[WhiteTeamCountry "FIN"]
[BlackTeamCountry "SWE"]
[TimeControl "40/5400+30:1800+30"]

1. c4 e5 2. Nc3 Bb4 3. e4 Nc6 4. Nge2 Bc5 5. d3 h6 6. g3 d6 7. h3 Nf6 8. Bg2 a6 9. O-O O-O 10. Kh2 Nh7 11. f4 f5 12. exf5 Bxf5 13. g4 Bd7 14. f5 Qh4 15. Ne4 Nf6 16. Nxf6+ Qxf6 17. Ng3 Qh4 18. Bd2 Bd4 19. Rb1 Rab8 20. Be1 Qe7 21. Ne4 Nd8 22. b4 c6 23. c5 d5 24. Nc3 Nf7 25. Bd2 Qf6 26. Ne2 Rfe8 27. Nxd4 exd4 28. Bf4 Rbc8 29. Qd2 Re7 30. Rbe1 Rce8 31. Rxe7 Qxe7 1/2-1/2

[Event "ESTCC 65 2019"]
[Site "Mali Losinj"]
[Date "2019.09.21"]
[Round "4.32"]
[White "Palsson, Bertil"]
[Black "Ristoja, Aulikki"]
[Result "1-0"]
[ECO "E60"]
[WhiteElo "1784"]
[BlackElo "1558"]
[Annotator "NA"]
[PlyCount "63"]
[EventDate "2019.09.18"]
[EventType "team-tourn"]
[EventCountry "CRO"]
[SourceTitle "playchess.com"]
[Source "ChessBase"]
[SourceQuality "1"]
[WhiteTeam "Sweden"]
[BlackTeam "Finland"]
[WhiteTeamCountry "SWE"]
[BlackTeamCountry "FIN"]
[TimeControl "40/5400+30:1800+30"]

1. c4 g6 2. Nf3 d6 3. d4 Bg7 4. g3 Nf6 5. Bg2 c6 6. O-O Bf5 7. Nc3 Qd7 8. Re1 Bh3 9. Bh1 h5 10. Qd3 h4 11. Nxh4 Na6 12. a3 Nc7 13. d5 c5 14. b4 b6 15. Bb2 O-O-O 16. bxc5 dxc5 17. Ne4 Nh5 18. Bxg7 Nxg7 19. Ng5 Rdf8 20. Nxh3 Qxh3 21. Bg2 Qd7 22. a4 Rh6 23. Nf3 f6 24. h4 Rfh8 25. Reb1 Kd8 26. a5 Qd6 27. axb6 axb6 28. Ra7 Nf5 29. Rb7 b5 30. Ra1 bxc4 31. Qxc4 Kd7 32. Qb5+ 1-0

[Event "ESTCC 65 2019"]
[Site "Mali Losinj"]
[Date "2019.09.22"]
[Round "5.2"]
[White "Wahlbom, Magnus"]
[Black "Sveshnikov, Evgeny"]
[Result "0-1"]
[ECO "B32"]
[WhiteElo "2255"]
[BlackElo "2483"]
[Annotator "ChessBase"]
[PlyCount "102"]
[EventDate "2019.09.18"]
[EventType "team-tourn"]
[EventCountry "CRO"]
[SourceTitle "playchess.com"]
[Source "ChessBase"]
[SourceQuality "1"]
[WhiteTeam "Sweden"]
[BlackTeam "Russia"]
[WhiteTeamCountry "SWE"]
[BlackTeamCountry "RUS"]
[TimeControl "40/5400+30:1800+30"]

1. e4 c5 2. Nf3 Nc6 3. d4 cxd4 4. Nxd4 e5 5. Nb5 d6 6. c4 Be7 7. N1c3 a6 8. Na3 f5 9. exf5 Bxf5 10. Bd3 Be6 11. O-O Nf6 12. Nc2 O-O 13. Bg5 Ng4 14. Bxe7 Qxe7 15. Ne3 Qh4 16. Nxg4 Bxg4 17. Be2 Be6 18. g3 Qh3 19. Ne4 h6 20. Rc1 Nd4 21. f3 b5 22. Nxd6 Rad8 23. c5 Bxa2 24. Rc3 Qe6 25. b4 Bd5 26. Re3 Rf6 27. Rf2 Bc6 28. Bd3 Rxd6 29. cxd6 Qxd6 30. Be4 Bxe4 31. Rxe4 Nxf3+ 32. Qxf3 Rxf3 33. Rxf3 Qd1+ 34. Rf1 Qd2 35. Rf2 Qc1+ 36. Kg2 Qc6 37. Rfe2 Kf7 38. Kh3 Qd6 39. g4 Ke6 40. Kh4 Qd8+ 41. Kg3 Qc7 42. Kh4 Kd5 43. R2e3 Qe7+ 44. Kg3 Qf6 45. Re1 g6 46. h3 h5 47. Rxe5+ Qxe5+ 48. Rxe5+ Kxe5 49. gxh5 gxh5 50. Kh4 a5 51. bxa5 Kd5 0-1

[Event "ESTCC 65 2019"]
[Site "Mali Losinj"]
[Date "2019.09.22"]
[Round "5.3"]
[White "Kalegin, Evgenij"]
[Black "Hammar, Bengt"]
[Result "1-0"]
[ECO "B50"]
[WhiteElo "2435"]
[BlackElo "2161"]
[Annotator "NA"]
[PlyCount "49"]
[EventDate "2019.09.18"]
[EventType "team-tourn"]
[EventCountry "CRO"]
[SourceTitle "playchess.com"]
[Source "ChessBase"]
[SourceQuality "1"]
[WhiteTeam "Russia"]
[BlackTeam "Sweden"]
[WhiteTeamCountry "RUS"]
[BlackTeamCountry "SWE"]
[TimeControl "40/5400+30:1800+30"]

1. e4 c5 2. Nf3 d6 3. c3 Nf6 4. h3 Nc6 5. Bd3 d5 6. exd5 Nxd5 7. O-O g6 8. Bb5 Qb6 9. Bc4 Nf6 10. d4 cxd4 11. cxd4 Na5 12. Ne5 Nxc4 13. Qa4+ Nd7 14. Nxc4 Qc6 15. Qxc6 bxc6 16. Re1 e6 17. Bf4 Bg7 18. Nbd2 O-O 19. Nb3 Nb6 20. Ne5 Na4 21. Re2 Ba6 22. Rc2 Bxe5 23. dxe5 Bd3 24. Rd2 Be4 25. Rd4 1-0

[Event "ESTCC 65 2019"]
[Site "Mali Losinj"]
[Date "2019.09.22"]
[Round "5.5"]
[White "Werner, Clemens"]
[Black "Huss, Andreas"]
[Result "0-1"]
[ECO "B16"]
[WhiteElo "2286"]
[BlackElo "2261"]
[Annotator "NA"]
[PlyCount "120"]
[EventDate "2019.09.18"]
[EventType "team-tourn"]
[EventCountry "CRO"]
[SourceTitle "playchess.com"]
[Source "ChessBase"]
[SourceQuality "1"]
[WhiteTeam "Germany"]
[BlackTeam "Switzerland"]
[WhiteTeamCountry "GER"]
[BlackTeamCountry "SUI"]
[TimeControl "40/5400+30:1800+30"]

1. e4 c6 2. d4 d5 3. Nd2 dxe4 4. Nxe4 Nf6 5. Nxf6+ gxf6 6. c3 Bf5 7. Nf3 e6 8. g3 Nd7 9. Qe2 Qc7 10. Bg2 O-O-O 11. O-O Bg4 12. a4 h5 13. h3 Bxf3 14. Qxf3 f5 15. b4 Bd6 16. b5 h4 17. Bg5 Rdg8 18. Bxh4 f4 19. bxc6 bxc6 20. Qd3 f6 21. Rab1 fxg3 22. Qa6+ Kd8 23. Rb7 gxf2+ 24. Rxf2 Qc8 25. Bxf6+ Nxf6 26. Rxf6 Rh7 27. Qa5+ Bc7 28. Qxa7 Qxb7 29. Qxb7 Bh2+ 30. Kxh2 Rxb7 31. Rf2 Rb3 32. Bxc6 Rxc3 33. Bg2 Ra3 34. Bc6 Kc7 35. Bg2 Kd6 36. Rd2 Rxa4 37. d5 e5 38. Rc2 e4 39. Rc6+ Kxd5 40. Rc2 Kd4 41. Bf1 Ra1 42. Be2 Ke3 43. Bg4 Kd3 44. Rc7 Rd8 45. Kg3 e3 46. Re7 Rg1+ 47. Kf4 Rf8+ 48. Kg5 Rg8+ 49. Kf4 Rf8+ 50. Kg5 Rg8+ 51. Kf4 Rf1+ 52. Kg3 e2 53. Rxe2 Rxg4+ 54. Kxg4 Kxe2 55. h4 Ke3 56. h5 Ke4 57. Kg5 Ke5 58. Kg6 Ke6 59. h6 Rg1+ 60. Kh7 Kf7 0-1

[Event "ESTCC 65 2019"]
[Site "Mali Losinj"]
[Date "2019.09.22"]
[Round "5.6"]
[White "Vucenovic, Dragomir"]
[Black "Kierzek, Matthias"]
[Result "0-1"]
[ECO "A06"]
[WhiteElo "2154"]
[BlackElo "2186"]
[Annotator "NA"]
[PlyCount "96"]
[EventDate "2019.09.18"]
[EventType "team-tourn"]
[EventCountry "CRO"]
[SourceTitle "playchess.com"]
[Source "ChessBase"]
[SourceQuality "1"]
[WhiteTeam "Switzerland"]
[BlackTeam "Germany"]
[WhiteTeamCountry "SUI"]
[BlackTeamCountry "GER"]
[TimeControl "40/5400+30:1800+30"]

1. Nf3 d5 2. b3 Bg4 3. g3 Nd7 4. Bg2 e5 5. d3 Ngf6 6. O-O Bd6 7. Bb2 O-O 8. Nc3 c6 9. e4 Re8 10. Qe1 d4 11. Ne2 b5 12. a3 c5 13. h3 Bxf3 14. Bxf3 c4 15. Bg2 Nc5 16. b4 cxd3 17. bxc5 dxe2 18. Qxe2 Bxc5 19. Qxb5 Nd7 20. Rfb1 Rc8 21. h4 Bb6 22. Bh3 Re7 23. a4 Rc5 24. Qe2 Qc7 25. Rc1 Re8 26. Ba3 Rc3 27. Kg2 Nf6 28. Bb2 Rc5 29. Ba3 Rc6 30. Kh1 Bc5 31. c4 Bxa3 32. Rxa3 Rb6 33. a5 Rb4 34. c5 Qc6 35. Bg2 Reb8 36. Ra2 R8b5 37. g4 h6 38. g5 hxg5 39. hxg5 Nd7 40. Qg4 Rxc5 41. Rxc5 Nxc5 42. g6 fxg6 43. Rc2 d3 44. Rc3 Rb1+ 45. Kh2 d2 46. Bf3 Rc1 47. Re3 Qf6 48. Qc8+ Qf8 0-1

[Event "ESTCC 65 2019"]
[Site "Mali Losinj"]
[Date "2019.09.22"]
[Round "5.7"]
[White "Herbrechtsmeier, Christof"]
[Black "Hohler, Peter"]
[Result "1-0"]
[ECO "C78"]
[WhiteElo "2210"]
[BlackElo "2047"]
[Annotator "NA"]
[PlyCount "105"]
[EventDate "2019.09.18"]
[EventType "team-tourn"]
[EventCountry "CRO"]
[SourceTitle "playchess.com"]
[Source "ChessBase"]
[SourceQuality "1"]
[WhiteTeam "Germany"]
[BlackTeam "Switzerland"]
[WhiteTeamCountry "GER"]
[BlackTeamCountry "SUI"]
[TimeControl "40/5400+30:1800+30"]

1. e4 e5 2. Nf3 Nc6 3. Bb5 a6 4. Ba4 Nf6 5. O-O b5 6. Bb3 Bb7 7. c3 Nxe4 8. d4 exd4 9. Re1 d5 10. Ng5 Qd7 11. f3 h6 12. Nxf7 Qxf7 13. fxe4 Ne7 14. exd5 Bxd5 15. cxd4 O-O-O 16. Nc3 Qg6 17. Nxd5 Nxd5 18. Qf3 c6 19. Bd2 Bd6 20. Bxd5 cxd5 21. Qh3+ Kb7 22. Ba5 Rde8 23. Qd7+ Kb8 24. Rac1 Rc8 25. Kh1 Bf4 26. Rxc8+ Rxc8 27. Qxd5 Re8 28. Rf1 Qd3 29. Ra1 Qe4 30. Qf7 g5 31. Qf6 Qe6 32. Qxe6 Rxe6 33. g3 Bc7 34. Re1 Rxe1+ 35. Bxe1 Kb7 36. d5 Be5 37. b3 Kc7 38. Bb4 Bd6 39. Ba5+ Kd7 40. Kg2 g4 41. Bd2 h5 42. Kf2 Bc5+ 43. Be3 Be7 44. Bf4 Bc5+ 45. Ke2 Ke7 46. Be3 Bd6 47. Kd3 Kf6 48. Ke4 Bb8 49. Bd4+ Kg6 50. Be5 Ba7 51. d6 Kf7 52. Kf5 Bg1 53. Bf6 1-0

[Event "ESTCC 65 2019"]
[Site "Mali Losinj"]
[Date "2019.09.22"]
[Round "5.8"]
[White "Illi, Hans-Joerg"]
[Black "Kiefer, Gerhard"]
[Result "0-1"]
[ECO "A48"]
[WhiteElo "1987"]
[BlackElo "2227"]
[Annotator "NA"]
[PlyCount "68"]
[EventDate "2019.09.18"]
[EventType "team-tourn"]
[EventCountry "CRO"]
[SourceTitle "playchess.com"]
[Source "ChessBase"]
[SourceQuality "1"]
[WhiteTeam "Switzerland"]
[BlackTeam "Germany"]
[WhiteTeamCountry "SUI"]
[BlackTeamCountry "GER"]
[TimeControl "40/5400+30:1800+30"]

1. d4 Nf6 2. Nf3 g6 3. Bg5 Bg7 4. Nbd2 O-O 5. c3 d6 6. e4 h6 7. Bh4 c5 8. dxc5 dxc5 9. Bc4 Nc6 10. Qc2 Nh5 11. O-O Na5 12. Be2 Nf4 13. Rfe1 Nxe2+ 14. Rxe2 Be6 15. Rd1 Qc7 16. b3 Nc6 17. Bg3 Qa5 18. e5 Rad8 19. Ne4 Rxd1+ 20. Qxd1 Bg4 21. Ned2 Qxc3 22. h3 Bxf3 23. Nxf3 Rd8 24. Qc2 Qxc2 25. Rxc2 Rd1+ 26. Kh2 b6 27. Re2 e6 28. h4 Kf8 29. Bf4 Ke8 30. g4 Kd7 31. Kg2 Nd4 32. Nxd4 Rxd4 33. Kf3 h5 34. Kg3 hxg4 0-1

[Event "ESTCC 65 2019"]
[Site "Mali Losinj"]
[Date "2019.09.22"]
[Round "5.10"]
[White "Westerinen, Heikki M.J."]
[Black "Van Herck, Marcel"]
[Result "1/2-1/2"]
[ECO "B12"]
[WhiteElo "2296"]
[BlackElo "2088"]
[Annotator "NA"]
[PlyCount "57"]
[EventDate "2019.09.18"]
[EventType "team-tourn"]
[EventCountry "CRO"]
[SourceTitle "playchess.com"]
[Source "ChessBase"]
[SourceQuality "1"]
[WhiteTeam "Finland"]
[BlackTeam "Belgium"]
[WhiteTeamCountry "FIN"]
[BlackTeamCountry "BEL"]
[TimeControl "40/5400+30:1800+30"]

1. e4 c6 2. d4 d5 3. e5 Bf5 4. Nc3 e6 5. g4 Bg6 6. Nge2 c5 7. h4 h5 8. Nf4 Bh7 9. g5 Nc6 10. Qxh5 Nxd4 11. Nxe6 Nxe6 12. Bb5+ Ke7 13. g6 Bxg6 14. Qxh8 d4 15. Bg5+ f6 16. Qxg8 Bf7 17. Bxf6+ gxf6 18. Qg2 dxc3 19. Rd1 cxb2 20. Qxb7+ Nc7 21. O-O Bd5 22. Rxd5 Qxd5 23. Qxc7+ Ke6 24. Bc6 Qd8 25. Qh7 Rb8 26. Qg8+ Kf5 27. Qh7+ Ke6 28. Qg8+ Kf5 29. Qh7+ 1/2-1/2

[Event "ESTCC 65 2019"]
[Site "Mali Losinj"]
[Date "2019.09.22"]
[Round "5.11"]
[White "Van de Wynkele, Herman"]
[Black "Kivimaki, Jaakko"]
[Result "0-1"]
[ECO "C44"]
[WhiteElo "2085"]
[BlackElo "2195"]
[Annotator "NA"]
[PlyCount "48"]
[EventDate "2019.09.18"]
[EventType "team-tourn"]
[EventCountry "CRO"]
[SourceTitle "playchess.com"]
[Source "ChessBase"]
[SourceQuality "1"]
[WhiteTeam "Belgium"]
[BlackTeam "Finland"]
[WhiteTeamCountry "BEL"]
[BlackTeamCountry "FIN"]
[TimeControl "40/5400+30:1800+30"]

1. e4 e5 2. Nf3 Nc6 3. Bc4 Bc5 4. d4 exd4 5. O-O d6 6. c3 Qf6 7. e5 dxe5 8. Ng5 Be6 9. Ne4 Qe7 10. Bxe6 fxe6 11. Qh5+ Kd7 12. b4 Bd6 13. b5 Nd8 14. Bg5 Nf6 15. Qh4 Rf8 16. Nbd2 h6 17. Nxf6+ gxf6 18. Bxh6 Rh8 19. cxd4 Qh7 20. dxe5 fxe5 21. Nc4 Qxh6 22. Qg3 Nf7 23. h3 Rag8 24. Qf3 Ng5 0-1

[Event "ESTCC 65 2019"]
[Site "Mali Losinj"]
[Date "2019.09.22"]
[Round "5.12"]
[White "Vinke, Dietmar"]
[Black "Schrickx, Frank"]
[Result "1-0"]
[ECO "C00"]
[WhiteElo "2129"]
[BlackElo "1813"]
[Annotator "NA"]
[PlyCount "93"]
[EventDate "2019.09.18"]
[EventType "team-tourn"]
[EventCountry "CRO"]
[SourceTitle "playchess.com"]
[Source "ChessBase"]
[SourceQuality "1"]
[WhiteTeam "Finland"]
[BlackTeam "Belgium"]
[WhiteTeamCountry "FIN"]
[BlackTeamCountry "BEL"]
[TimeControl "40/5400+30:1800+30"]

1. Nf3 d5 2. g3 Nf6 3. Bg2 e6 4. O-O Be7 5. d3 c5 6. Nbd2 Nc6 7. e4 dxe4 8. dxe4 Qc7 9. c3 O-O 10. Qe2 e5 11. Nc4 Bg4 12. Ne3 Bxf3 13. Qxf3 Rad8 14. Nf5 Ne8 15. Be3 b6 16. Nxe7+ Nxe7 17. Rfd1 Nd6 18. Qe2 Nb7 19. Bf1 Rxd1 20. Rxd1 Rd8 21. f3 Rxd1 22. Qxd1 Nd8 23. Bh3 Ne6 24. Kf2 h6 25. Qa4 Kf8 26. Bf1 a5 27. Qc4 Qd6 28. Qa6 g5 29. Qd3 Qxd3 30. Bxd3 Nc6 31. Bc4 Ke7 32. a4 f6 33. Ke2 Kd6 34. Kd3 Kd7 35. Kc2 Kd6 36. Kb3 Nf8 37. Bd5 Ne7 38. Bf7 Nc6 39. Kc4 Na7 40. b4 Nd7 41. Be8 axb4 42. Bxd7 Kxd7 43. cxb4 cxb4 44. Bxb6 Nc8 45. Bc5 Kc6 46. Kxb4 h5 47. h3 1-0

[Event "ESTCC 65 2019"]
[Site "Mali Losinj"]
[Date "2019.09.22"]
[Round "5.13"]
[White "Beilfuss, Wilfried"]
[Black "Quinn, John M"]
[Result "1/2-1/2"]
[ECO "A20"]
[WhiteElo "2192"]
[BlackElo "2105"]
[Annotator "NA"]
[PlyCount "60"]
[EventDate "2019.09.18"]
[EventType "team-tourn"]
[EventCountry "CRO"]
[SourceTitle "playchess.com"]
[Source "ChessBase"]
[SourceQuality "1"]
[WhiteTeam "Germany"]
[BlackTeam "England"]
[WhiteTeamCountry "GER"]
[BlackTeamCountry "ENG"]
[TimeControl "40/5400+30:1800+30"]

1. c4 e5 2. g3 c6 3. d4 e4 4. Bg2 d5 5. Nc3 Nf6 6. Bg5 Nbd7 7. cxd5 cxd5 8. Qb3 Bd6 9. Nh3 h6 10. Bf4 Bxf4 11. Nxf4 Nb6 12. O-O O-O 13. Rad1 Re8 14. Rfe1 g5 15. Nh3 Nc4 16. Nb1 Qa5 17. Nc3 Bd7 18. Rc1 Rac8 19. Qc2 Rc7 20. f3 Qb6 21. fxe4 Qxd4+ 22. Kh1 Ne3 23. Qd3 Qxd3 24. exd3 Nxg2 25. Kxg2 Bc6 26. Nb5 Rce7 27. Nd6 dxe4 28. Nxe8 Rxe8 29. dxe4 Nxe4 30. Kg1 f5 1/2-1/2

[Event "ESTCC 65 2019"]
[Site "Mali Losinj"]
[Date "2019.09.22"]
[Round "5.14"]
[White "Hutchinson, Paul A"]
[Black "Becker, Norbert"]
[Result "1/2-1/2"]
[ECO "D12"]
[WhiteElo "2124"]
[BlackElo "2131"]
[Annotator "NA"]
[PlyCount "127"]
[EventDate "2019.09.18"]
[EventType "team-tourn"]
[EventCountry "CRO"]
[SourceTitle "playchess.com"]
[Source "ChessBase"]
[SourceQuality "1"]
[WhiteTeam "England"]
[BlackTeam "Germany"]
[WhiteTeamCountry "ENG"]
[BlackTeamCountry "GER"]
[TimeControl "40/5400+30:1800+30"]

1. d4 d5 2. Nf3 Nf6 3. e3 Bf5 4. Be2 e6 5. O-O Bd6 6. c4 c6 7. Nc3 Nbd7 8. b3 h6 9. Bb2 O-O 10. Rc1 Rc8 11. h3 Qe7 12. Re1 Rfd8 13. Bd3 Ne4 14. Qc2 Bb4 15. Red1 Nxc3 16. Bxc3 Bxc3 17. Qxc3 Bxd3 18. Qxd3 Qa3 19. Qc2 a5 20. Rb1 Qd6 21. c5 Qc7 22. b4 axb4 23. Rxb4 Ra8 24. Rdb1 Ra7 25. R1b2 Rb8 26. Qb1 f6 27. Nh4 Nf8 28. g3 Qc8 29. Kg2 Qd7 30. a4 Qc7 31. Ng6 Nxg6 32. Qxg6 Qf7 33. Qxf7+ Kxf7 34. Rb6 e5 35. a5 Rxa5 36. Rxb7+ Rxb7 37. Rxb7+ Kg6 38. Rb6 exd4 39. exd4 Ra4 40. Rxc6 Rxd4 41. Rd6 Rd3 42. Rd7 d4 43. c6 Rc3 44. c7 f5 45. g4 fxg4 46. hxg4 Kf6 47. f4 g6 48. Kf2 h5 49. Rd6+ Ke7 50. Rxg6 hxg4 51. Rxg4 Rxc7 52. Rg7+ Kd6 53. Rxc7 Kxc7 54. Kf3 Kd6 55. Ke4 Ke6 56. Kxd4 Kf5 57. Ke3 Kf6 58. Ke4 Ke6 59. f5+ Kf6 60. Kf4 Kf7 61. Ke5 Ke7 62. f6+ Kf7 63. Kf5 Kf8 64. Ke6 1/2-1/2

[Event "ESTCC 65 2019"]
[Site "Mali Losinj"]
[Date "2019.09.22"]
[Round "5.15"]
[White "Mueller, Gerhard"]
[Black "Hewson, Brian W R"]
[Result "1-0"]
[ECO "B17"]
[WhiteElo "2104"]
[BlackElo "2074"]
[Annotator "NA"]
[PlyCount "91"]
[EventDate "2019.09.18"]
[EventType "team-tourn"]
[EventCountry "CRO"]
[SourceTitle "playchess.com"]
[Source "ChessBase"]
[SourceQuality "1"]
[WhiteTeam "Germany"]
[BlackTeam "England"]
[WhiteTeamCountry "GER"]
[BlackTeamCountry "ENG"]
[TimeControl "40/5400+30:1800+30"]

1. e4 c6 2. d4 d5 3. Nd2 dxe4 4. Nxe4 Nd7 5. Ng5 e6 6. Bd3 Ngf6 7. Qe2 Be7 8. N1f3 Nb6 9. Ne5 O-O 10. c3 c5 11. dxc5 Bxc5 12. Ne4 Be7 13. Nxf6+ Bxf6 14. Qe4 g6 15. Bh6 Bg7 16. Bxg7 Kxg7 17. Rd1 f5 18. Qe2 Qf6 19. O-O Nd5 20. Rfe1 Re8 21. Bc4 Nb6 22. Bb3 Re7 23. Qb5 Qf8 24. Rd4 Qe8 25. Qxe8 Rxe8 26. f4 Kf6 27. a4 a5 28. Red1 Ra6 29. Kf2 Re7 30. Rd8 Rc7 31. R1d6 Ke7 32. Rd3 Nd5 33. Bxd5 Kxd8 34. Bxb7+ Ke7 35. Bxa6 Bxa6 36. Rd4 Bb7 37. Rc4 Kd6 38. Rxc7 Kxc7 39. Nc4 Bc6 40. b3 Bd5 41. Nxa5 Kb6 42. Nc4+ Kc5 43. Nd2 Kd6 44. g3 e5 45. Ke3 e4 46. Kd4 1-0

[Event "ESTCC 65 2019"]
[Site "Mali Losinj"]
[Date "2019.09.22"]
[Round "5.16"]
[White "Ewart, Brian R"]
[Black "Thoele, Wolfgang"]
[Result "0-1"]
[ECO "D11"]
[WhiteElo "1882"]
[BlackElo "1865"]
[Annotator "NA"]
[PlyCount "86"]
[EventDate "2019.09.18"]
[EventType "team-tourn"]
[EventCountry "CRO"]
[SourceTitle "playchess.com"]
[Source "ChessBase"]
[SourceQuality "1"]
[WhiteTeam "England"]
[BlackTeam "Germany"]
[WhiteTeamCountry "ENG"]
[BlackTeamCountry "GER"]
[TimeControl "40/5400+30:1800+30"]

1. d4 d5 2. Nf3 Nf6 3. c4 c6 4. e3 Bg4 5. Bd3 dxc4 6. Bxc4 e6 7. O-O Nbd7 8. Nc3 Be7 9. Bd3 O-O 10. h3 Bh5 11. g4 Bg6 12. Bxg6 hxg6 13. e4 Nb6 14. Qe2 Nh7 15. Rd1 Ng5 16. Nxg5 Bxg5 17. f4 Be7 18. a4 Qc7 19. a5 Nd7 20. Be3 Rfe8 21. Qc4 Bd6 22. e5 Be7 23. b4 a6 24. Ra2 b5 25. Qd3 Bxb4 26. Ne4 Be7 27. Ng3 c5 28. d5 c4 29. d6 Qc6 30. Qe2 Bd8 31. Rc1 Rc8 32. Bd2 Nc5 33. Bb4 Bh4 34. Nf1 Nd3 35. Qxd3 cxd3 36. Rxc6 Rxc6 37. Rd2 Rc4 38. Ba3 b4 39. Bb2 Rc2 40. Bd4 Rxd2 41. Nxd2 Be1 42. Bb6 Bxd2 43. d7 Ra8 0-1

[Event "ESTCC 65 2019"]
[Site "Mali Losinj"]
[Date "2019.09.22"]
[Round "5.17"]
[White "Lofgren, Claes"]
[Black "Singer, Hans"]
[Result "0-1"]
[ECO "D34"]
[WhiteElo "2059"]
[BlackElo "2184"]
[Annotator "NA"]
[PlyCount "78"]
[EventDate "2019.09.18"]
[EventType "team-tourn"]
[EventCountry "CRO"]
[SourceTitle "playchess.com"]
[Source "ChessBase"]
[SourceQuality "1"]
[WhiteTeam "Denmark"]
[BlackTeam "Austria"]
[WhiteTeamCountry "DEN"]
[BlackTeamCountry "AUT"]
[TimeControl "40/5400+30:1800+30"]

1. d4 Nf6 2. c4 e6 3. g3 d5 4. Bg2 Be7 5. Nf3 O-O 6. O-O c5 7. cxd5 exd5 8. Nc3 Nc6 9. b3 Ne4 10. Bb2 Bf6 11. Rc1 Nxd4 12. Nxd4 Bxd4 13. Nxe4 Bxb2 14. Rc2 dxe4 15. Rxb2 Bf5 16. Rd2 Qe7 17. e3 Rad8 18. Rxd8 Rxd8 19. Qc2 b6 20. h3 h5 21. Rc1 Qe5 22. Qc4 Rd2 23. a4 Be6 24. Qa6 Rxf2 25. Kxf2 Qb2+ 26. Qe2 Qxc1 27. Bxe4 Bxh3 28. Qd3 Qb2+ 29. Kg1 Qf6 30. Bd5 Be6 31. Bxe6 Qxe6 32. Kg2 g6 33. Qd8+ Kg7 34. Qd3 Qf6 35. Qd5 Qe6 36. Qd3 Qe5 37. e4 Qd4 38. Qc2 Kf6 39. Kf3 Ke5 0-1

[Event "ESTCC 65 2019"]
[Site "Mali Losinj"]
[Date "2019.09.22"]
[Round "5.18"]
[White "Woeber, Friedrich"]
[Black "Nielsen, Jorgen Lovgren"]
[Result "1/2-1/2"]
[ECO "A88"]
[WhiteElo "2126"]
[BlackElo "2052"]
[Annotator "NA"]
[PlyCount "128"]
[EventDate "2019.09.18"]
[EventType "team-tourn"]
[EventCountry "CRO"]
[SourceTitle "playchess.com"]
[Source "ChessBase"]
[SourceQuality "1"]
[WhiteTeam "Austria"]
[BlackTeam "Denmark"]
[WhiteTeamCountry "AUT"]
[BlackTeamCountry "DEN"]
[TimeControl "40/5400+30:1800+30"]

1. d4 f5 2. Nf3 Nf6 3. c4 g6 4. Nc3 d6 5. g3 Bg7 6. Bg2 O-O 7. O-O c6 8. d5 Qc7 9. Re1 Na6 10. Nd4 Bd7 11. Nb3 Rad8 12. e4 Nxe4 13. Nxe4 fxe4 14. Bxe4 c5 15. Qe2 Rde8 16. Bf4 Kh8 17. Rad1 e5 18. dxe6 Rxe6 19. Qd2 Rff6 20. Bd5 Rxe1+ 21. Rxe1 Nb4 22. Bg2 b6 23. Rd1 Bg4 24. f3 Be6 25. Bxd6 Qd7 26. Be5 Qxd2 27. Nxd2 Rf7 28. Bxg7+ Kxg7 29. Ne4 Bxc4 30. Nd6 Be2 31. Re1 Re7 32. Bf1 Re6 33. Rxe2 Rxd6 34. Re7+ Kf6 35. Rxa7 Rd2 36. Bc4 Rxb2 37. a3 Nc6 38. Rxh7 Ne5 39. Bd5 Rd2 40. Be4 Nf7 41. h4 c4 42. g4 g5 43. hxg5+ Nxg5 44. Rc7 Nxe4 45. fxe4 Rd4 46. Rc6+ Ke5 47. Kf2 Rxe4 48. Kf3 Rf4+ 49. Ke3 Rxg4 50. Rxb6 Rg3+ 51. Kd2 Rxa3 52. Kc2 Kd4 53. Rh6 Ra2+ 54. Kc1 Rg2 55. Rh3 Kc5 56. Rf3 Kb4 57. Rh3 c3 58. Rh8 Rg5 59. Rb8+ Rb5 60. Rxb5+ Kxb5 61. Kc2 Kc4 62. Kc1 Kb3 63. Kb1 c2+ 64. Kc1 Kc3 1/2-1/2

[Event "ESTCC 65 2019"]
[Site "Mali Losinj"]
[Date "2019.09.22"]
[Round "5.19"]
[White "Nielsen, Preben Lovgren"]
[Black "Titz, Heimo"]
[Result "1-0"]
[ECO "B47"]
[WhiteElo "2007"]
[BlackElo "1971"]
[Annotator "NA"]
[PlyCount "115"]
[EventDate "2019.09.18"]
[EventType "team-tourn"]
[EventCountry "CRO"]
[SourceTitle "playchess.com"]
[Source "ChessBase"]
[SourceQuality "1"]
[WhiteTeam "Denmark"]
[BlackTeam "Austria"]
[WhiteTeamCountry "DEN"]
[BlackTeamCountry "AUT"]
[TimeControl "40/5400+30:1800+30"]

1. e4 c5 2. Nf3 e6 3. d4 cxd4 4. Nxd4 Nc6 5. Nc3 Qc7 6. Be2 Nf6 7. O-O a6 8. a3 b5 9. Nxc6 dxc6 10. f4 Be7 11. e5 Nd5 12. Ne4 O-O 13. Qd3 Rd8 14. Qh3 c5 15. Bd3 g6 16. Nf2 Bb7 17. Ng4 h5 18. Nh6+ Kg7 19. f5 Qxe5 20. fxg6 f5 21. Nf7 Qd4+ 22. Kh1 Qg4 23. Bh6+ Kf6 24. Bg5+ Kg7 25. Qxg4 hxg4 26. Nxd8 Rxd8 27. Bxe7 Nxe7 28. Rfd1 Nd5 29. Bf1 Kxg6 30. b3 Re8 31. c4 bxc4 32. bxc4 Nf4 33. Rab1 Re7 34. Rb6 Kf6 35. Rbd6 Nh3 36. R1d2 Ng5 37. Rd7 Ne4 38. Rxe7 Kxe7 39. Rb2 Nd6 40. Kg1 e5 41. Bd3 e4 42. Be2 Ke6 43. Kf2 Ke5 44. g3 Kd4 45. Rd2+ Ke5 46. Ke3 Bc6 47. Rb2 a5 48. Rb8 Bd7 49. Ra8 a4 50. Ra7 Be8 51. Rc7 f4+ 52. gxf4+ Ke6 53. Bxg4+ Kf6 54. Rxc5 Bg6 55. Rc6 Ke7 56. c5 Nc4+ 57. Kd4 Na5 58. Rxg6 1-0